 Dungeon Crawl Stone Soup version 0.21.0 (webtiles) character file.

22085 MovingMist the Pandemonic (level 12, -2/112 HPs)
             Began as a Deep Dwarf Fighter on Jan 6, 2018.
             Was a High Priest of Makhleb.
             Slain by a raiju (6 damage)
             ... on level 1 of the Abyss.
             The game lasted 00:56:29 (12794 turns).

MovingMist the Pandemonic (Deep Dwarf Fighter)     Turns: 12794, Time: 00:56:31

Health: -2/112     AC: 21    Str: 25    XL:     12   Next: 59%
Magic:  17/17      EV: 16    Int:  9    God:    Makhleb [*****.]
Gold:   696        SH:  0    Dex: 14    Spells: 11/11 levels left

rFire    + . .     SeeInvis .   Q - +4 battleaxe (elec)
rCold    . . .     Gourm    .   (shield currently unavailable)
rNeg     + . .     Faith    +   F - +3 chain mail {rN+}
rPois    .         Spirit   .   O - +0 helmet
rElec    .         Reflect  .   (no cloak)
rCorr    .         Harm     .   P - +1 pair of gloves
MR       ++...                  N - +1 pair of boots
Stlth    ..........             h - amulet of faith
HPRegen  0.00/turn              K - ring of protection from cold
MPRegen  0.15/turn              E - ring of fire

@: non-regenerating
A: damage resistance, heal wounds, repulsion field 1, agile 1, blink, magic
resistance 1, sense surroundings 2, evolution 1, no regeneration
a: Heal Wounds, Blink, Minor Destruction, Lesser Servant of Makhleb, Major
Destruction, Greater Servant of Makhleb, Renounce Religion


You were on level 1 of the Abyss.
You worshipped Makhleb.
Makhleb was extremely pleased with you.
You were not hungry.

You visited 2 branches of the dungeon, and saw 13 of its levels.
You visited the Abyss 1 time.
You also visited: Labyrinth.

You collected 696 gold pieces.

Inventory:

Hand Weapons
 J - the cursed +1 mace "Giuqejaxt" {antimagic, rPois rF- Str+4 Int+4}
   (You found it on level 6 of the Dungeon)

   It reduces the magical energy of the wielder, and disrupts the spells and
   magical abilities of those hit.
   Natural abilities and divine invocations are not affected.
   It affects your strength (+4).
   It affects your intelligence (+4).
   It makes you vulnerable to fire.
   It protects you from poison.
   It has a curse placed upon it.
 Q - a +4 battleaxe of electrocution (weapon)
 X - the +3 long sword of Uskayaw's Hatred {elec, Dex+2}
   (You found it in a labyrinth)

   Occasionally, upon striking a foe, it will discharge some electrical energy
   and cause terrible harm.
   It affects your dexterity (+2).
 Y - a +1 battleaxe of electrocution
Armour
 F - a +3 chain mail of positive energy (worn)
 N - a +1 pair of boots (worn)
 O - a +0 helmet (worn)
 P - a +1 pair of gloves (worn)
Jewellery
 c - a cursed ring of teleportation
 h - an amulet of faith (around neck)
 p - an uncursed ring of protection from magic
 A - an uncursed ring of flight
 C - a cursed amulet of inaccuracy {unknown}
 E - a ring of fire (right hand)
 K - a ring of protection from cold (left hand)
 M - an uncursed ring of ice {unknown}
Wands
 i - a wand of paralysis (15)
 q - a wand of polymorph (24)
 T - a wand of iceblast (2)
 V - a wand of flame (22)
Scrolls
 a - 5 scrolls of teleportation
 b - a scroll of noise
 e - 2 scrolls of magic mapping
 j - 2 scrolls of random uselessness
 r - 7 scrolls of amnesia
 u - 3 scrolls of blinking
 y - 4 scrolls of remove curse
 D - a scroll of immolation {unknown}
 G - 4 scrolls of fear {unknown}
 H - 4 scrolls of fog {unknown}
 L - 2 scrolls of enchant armour
 S - a scroll of summoning {unknown}
Potions
 d - 2 potions of might
 g - 4 potions of lignification {unknown}
 k - 4 potions of agility
 l - 2 potions of brilliance {unknown}
 m - 3 potions of flight {unknown}
 n - a potion of resistance {unknown}
 o - a potion of magic {unknown}
 t - 3 potions of curing
 v - a potion of berserk rage {unknown}
 w - a potion of cancellation {unknown}
 x - 4 potions of heal wounds {unknown}
 z - 2 potions of degeneration {unknown}
Books
 s - a book of Spatial Translocations

   Spells                             Type                      Level
   a - Blink                          Translocation                2
   b - Shroud of Golubria             Charms/Translocation         2
   c - Lesser Beckoning               Translocation                3
   d - Gell's Gravitas                Translocation                3
   e - Teleport Other                 Translocation                3
   f - Passage of Golubria            Translocation                4
 B - a book of Necromancy

   Spells                             Type                      Level
   a - Pain                           Necromancy                   1
   b - Animate Skeleton               Necromancy                   1
   c - Vampiric Draining              Necromancy                   3
   d - Regeneration                   Charms/Necromancy            3
   e - Animate Dead                   Necromancy                   4
   f - Borgnjor's Vile Clutch         Necromancy/Earth             5
 I - a book of Summonings

   Spells                             Type                      Level
   a - Recall                         Summoning/Translocation      3
   b - Aura of Abjuration             Summoning                    5
   c - Summon Demon                   Summoning                    5
   d - Summon Forest                  Summoning/Translocation      5
   e - Summon Mana Viper              Hexes/Summoning              5
   f - Shadow Creatures               Summoning                    6
 R - a book of Debilitation

   Spells                             Type                      Level
   a - Corona                         Hexes                        1
   b - Slow                           Hexes                        2
   c - Inner Flame                    Hexes/Fire                   3
   d - Portal Projectile              Hexes/Translocation          3
   e - Cause Fear                     Hexes                        4
   f - Leda's Liquefaction            Hexes/Earth                  4
 U - Gagheif's Reference Book on Gliding Curses
   (You found it in a labyrinth)

   Spells                             Type                      Level
   a - Static Discharge               Conjuration/Air              3
   b - Cause Fear                     Hexes                        4
   c - Summon Mana Viper              Hexes/Summoning              5
   d - Freezing Cloud                 Conjuration/Ice/Air          6
 W - a book of the Earth

   Spells                             Type                      Level
   a - Leda's Liquefaction            Hexes/Earth                  4
   b - Bolt of Magma                  Conjuration/Fire/Earth       5
   c - Statue Form                    Transmutation/Earth          6
   d - Iron Shot                      Conjuration/Earth            6
   e - Shatter                        Earth                        9
Comestibles
 f - 22 rations


   Skills:
 + Level 8.6 Fighting
 + Level 10.0 Axes
 + Level 10.3 Armour
 + Level 10.0 Dodging
   Level 3.9 Shields
 * Level 14.3 Invocations


You had 11 spell levels left.
You didn't know any spells.

Dungeon Overview and Level Annotations

Branches:
Dungeon (10/15)            Temple (0/1) D:6            Lair (3/6) D:10
 Spider (0/4) Lair:2
  Swamp: Lair:2-4    Shoals: Lair:2-4       Orc: D:9-12

Altars:
Cheibriados
Elyvilon
Fedhas
Hepliaklqana
Makhleb
Okawaru
Sif Muna
Trog
Uskayaw
Yredelemnul
The Shining One

Shops:
D:6 [   D:7 *

Annotations:
Lair:3 Sonja


Innate Abilities, Weirdness & Mutations

You are resistant to damage.
You can heal yourself by infusing magical energy.
You passively map the area around you.
You do not regenerate.
You are surrounded by a mild repulsion field. (EV +2)
You are agile. (Dex +2)
You can translocate small distances at will.
You are resistant to hostile enchantments. (MR+)
You evolve.


Message History

The raiju bites you but does no damage. The raiju misses you.
The raiju bursts into living lightning!
The living lightning misses the raiju.
The living lightning hits you!
* * * LOW HITPOINT WARNING * * *
The raiju blinks!
The raiju barely misses you.
The raiju bites you but does no damage. x3
You closely miss the raiju.
The raiju is almost dead.
You miss the raiju. You hit the raiju. You miss the raiju.
The raiju misses you. x2; The raiju bites you.
The raiju shocks you!
* * * LOW HITPOINT WARNING * * *
The raiju bites you but does no damage.
You miss the raiju.
The raiju is almost dead.
You hit the raiju. You slice the raiju!! You closely miss the raiju.
The raiju barely misses you. The raiju bites you but does no damage.
The raiju misses you. The raiju bites you.
* * * LOW HITPOINT WARNING * * *
The raiju shocks you!
You die...

###.# ..## .# .
# . .#
#..##.#....# .
# ...#... ##
#.# # . . .
.h#.####.## .#.
..... #..#..##
.##. .#.
..##...#..# #
####
.#.#.##h..#.#..
# .
#..h@h....ยง.
## ..
##..h.##....# #
.. # . #....#.
##. # .#
#.#........ . .
..####....# #
#. .. .#.
##.#... ......#
. . ##..## .
##. ... .# #..
#... .


You could see 4 raiju.

Vanquished Creatures
  A minotaur (Lab)
  2 hydras (Lair:1)
  A two-headed ogre (D:10)
  An oklob plant (Lair:2)
  5 elephants (Lair:2)
  A black mamba (Lair:1)
  Joseph (D:7)
  7 spiny frogs
  3 gargoyles (D:10)
  A rime drake (Lair:3)
  A hornet (D:8)
  A raiju (Abyss:1)
  A hydra skeleton (Abyss:1)
  5 hippogriffs
  Prince Ribbit (D:7)
  4 blink frogs (Lair:1)
  A ynoxinul (Abyss:1)
  Eustachio (D:5)
  6 yaks
  A basilisk (Lair:2)
  A hungry ghost (D:10)
  8 porcupines
  8 water moccasins
  4 orc warriors
  2 black bears
  4 ice beasts
  An eye of draining (D:8)
  3 sky beasts
  A phantom (D:5)
  A wolf (Lair:2)
  6 ogres
  A necrophage (D:8)
  5 centaurs
  4 crocodiles
  Blork the orc (D:4)
  A big kobold (D:9)
  3 bullfrogs
  2 wyvern zombies
  A water moccasin zombie (D:5)
  A water moccasin skeleton (D:8)
  A scorpion (D:9)
  12 killer bees
  A howler monkey (D:5)
  2 electric eels (D:6)
  2 crimson imps (D:3)
  A centaur zombie (D:6)
  10 orc priests
  6 hounds
  8 jellies
  Crazy Yiuf (D:2)
  A bullfrog skeleton (D:7)
  An iguana (D:7)
  Terence (D:3)
  Natasha (thrice) (D:3)
  11 orc wizards
  Ijyb (D:4)
  5 worker ants
  A howler monkey zombie (D:9)
  A worker ant zombie (D:6)
  11 adders
  2 shadow imps
  An ufetubus (Abyss:1)
  8 oozes
  An adder zombie (D:5)
  A worm (D:5)
  2 dart slugs (D:1)
  4 leopard geckos
  41 orcs
  3 giant cockroaches
  6 goblins
  10 hobgoblins
  10 jackals
  5 quokkas
  A ball python (D:2)
  9 bats
  3 frilled lizards
  A jackal zombie (D:5)
  16 kobolds
  A leopard gecko zombie (D:7)
  A quokka zombie (D:7)
  8 rats
  15 plants
332 creatures vanquished.

Vanquished Creatures (collateral kills)
  2 hydras (Lair:3)
  The ghost of Turgon the Nimble, a novice GnMo of Ashenzari (Lair:2)
  A black mamba (Lair:3)
  An elephant (Lair:2)
  A water moccasin (Lair:3)
  A porcupine (Lair:2)
  5 wolves (Lair:2)
  A crocodile (Lair:2)
13 creatures vanquished.

Vanquished Creatures (others)
  2 fungi (D:4)
  2 plants
  8 toadstools (D:4)
12 creatures vanquished.

Grand Total: 357 creatures vanquished

Notes
Turn   | Place    | Note
-------+----------+-------------------------------------------
     0 | D:1      | MovingMist the Deep Dwarf Fighter began the quest for the Orb.
     0 | D:1      | Reached XP level 1. HP: 20/20 MP: 1/1
   166 | D:1      | Reached XP level 2. HP: 22/27 MP: 2/2
   546 | D:1      | Reached XP level 3. HP: 28/34 MP: 3/3
  1389 | D:2      | Reached XP level 4. HP: 35/42 MP: 4/4
  1534 | D:2      | Found a runed door.
  1538 | D:2      | Noticed Crazy Yiuf
  1546 | D:2      | Killed Crazy Yiuf
  1546 | D:2      | Reached skill level 1 in Dodging
  1910 | D:3      | Noticed Natasha
  1916 | D:3      | Reached XP level 5. HP: 27/49 MP: 4/4
  1917 | D:3      | Killed Natasha
  2010 | D:3      | Found a snail-covered altar of Cheibriados.
  2011 | D:3      | Found a hazy altar of Hepliaklqana.
  2149 | D:3      | Found a burning altar of Makhleb.
  2172 | D:3      | Became a worshipper of Makhleb the Destroyer
  2240 | D:3      | Reached XP level 6. HP: 15/57 MP: 5/5
  2420 | D:3      | Noticed Natasha
  2427 | D:3      | Killed Natasha
  2451 | D:3      | Noticed Terence
  2464 | D:3      | Killed Terence
  2703 | D:3      | Noticed Natasha
  2718 | D:3      | Killed Natasha
  3053 | D:4      | Reached * piety under Makhleb
  3393 | D:4      | Noticed Blork the orc
  3405 | D:4      | Killed Blork the orc
  3405 | D:4      | Reached skill level 5 in Armour
  3405 | D:4      | Reached XP level 7. HP: 44/64 MP: 6/6
  3450 | D:4      | Noticed Ijyb
  3459 | D:4      | Killed Ijyb
  3726 | D:4      | Found a blossoming altar of Fedhas.
  3954 | D:5      | Entered Level 5 of the Dungeon
  4086 | D:5      | Reached skill level 1 in Invocations
  4133 | D:5      | Reached skill level 2 in Invocations
  4145 | D:5      | Reached ** piety under Makhleb
  4145 | D:5      | Reached skill level 5 in Dodging
  4260 | D:5      | Reached skill level 3 in Invocations
  4260 | D:5      | Reached XP level 8. HP: 58/73 MP: 9/9
  4277 | D:5      | Found a basalt altar of Yredelemnul.
  4313 | D:5      | Reached skill level 5 in Axes
  4423 | D:5      | Noticed Eustachio
  4455 | D:5      | Killed Eustachio
  4455 | D:5      | Reached skill level 4 in Invocations
  4685 | D:6      | Found an iron altar of Okawaru.
  4692 | D:6      | Reached skill level 5 in Fighting
  4711 | D:6      | Got a translucent mace
  4720 | D:6      | Identified the cursed +1 mace "Giuqejaxt" {antimagic, rPois rF- Str+4 Int+4} (You found it on level 6 of the Dungeon)
  4734 | D:6      | Found a staircase to the Ecumenical Temple.
  4816 | D:6      | Reached skill level 5 in Invocations
  4937 | D:6      | Found Yxu Sux's Armour Emporium.
  5004 | D:6      | Found a transporter.
  5028 | D:6      | Found a transporter.
  5149 | D:6      | Gained mutation: You are weak. (Str -2) [potion of mutation]
  5149 | D:6      | Gained mutation: You have a pair of small horns on your head. [potion of mutation]
  5150 | D:6      | Lost mutation: You are weak. (Str -2) [potion of mutation]
  5150 | D:6      | Lost mutation: You have a pair of small horns on your head. [potion of mutation]
  5150 | D:6      | Gained mutation: Your skin changes colour to match your surroundings (Stealth+). [potion of mutation]
  5150 | D:6      | Gained mutation: You are dopey. (Int -2) [potion of mutation]
  5150 | D:6      | Gained mutation: You are partially covered in icy blue scales. (AC +2) [potion of mutation]
  5151 | D:6      | Lost mutation: You are dopey. (Int -2) [potion of mutation]
  5151 | D:6      | Lost mutation: Your skin changes colour to match your surroundings (Stealth+). [potion of mutation]
  5151 | D:6      | Gained mutation: You have supernaturally acute eyesight. (SInv) [potion of mutation]
  5151 | D:6      | Gained mutation: You passively map the area around you. [potion of mutation]
  5151 | D:6      | Gained mutation: You are surrounded by a mild repulsion field. (EV +2) [potion of mutation]
  5152 | D:6      | Lost mutation: You have supernaturally acute eyesight. (SInv) [potion of mutation]
  5152 | D:6      | Lost mutation: You are partially covered in icy blue scales. (AC +2) [potion of mutation]
  5152 | D:6      | Gained mutation: You evolve. [potion of mutation]
  5152 | D:6      | Gained mutation: You are resistant to hostile enchantments. (MR+) [potion of mutation]
  5152 | D:6      | Gained mutation: You are agile. (Dex +2) [potion of mutation]
  5272 | D:6      | Gained mutation: You can translocate small distances at will. [evolution]
  5501 | D:7      | Reached skill level 6 in Invocations
  5518 | D:7      | Mutation became permanent: You passively map a small area around you. [Deep Dwarf growth]
  5518 | D:7      | Gained mutation: You passively map the area around you. [Deep Dwarf growth]
  5518 | D:7      | Reached XP level 9. HP: 34/81 MP: 12/12
  5593 | D:7      | Found a bloodstained altar of Trog.
  5609 | D:7      | Noticed Joseph
  5633 | D:7      | Killed Joseph
  5703 | D:7      | Reached skill level 7 in Invocations
  5710 | D:7      | Found Heotas's Assorted Antiques.
  5726 | D:7      | Noticed Prince Ribbit
  5746 | D:7      | Killed Prince Ribbit
  5781 | D:7      | Reached *** piety under Makhleb
  6066 | D:7      | Reached skill level 8 in Invocations
  6568 | D:8      | Reached skill level 9 in Invocations
  6568 | D:8      | Reached XP level 10. HP: 84/91 MP: 15/15
  6587 | D:8      | Reached **** piety under Makhleb
  6695 | D:8      | Found a deep blue altar of Sif Muna.
  7228 | D:9      | Reached skill level 10 in Invocations
  7365 | D:9      | Noticed a dagger
  7365 | D:9      | Found a hide-covered altar of Uskayaw.
  7366 | D:9      | Noticed an enchanted hand axe
  7406 | D:9      | Reached ***** piety under Makhleb
  7516 | D:9      | Found a glowing golden altar of the Shining One.
  7832 | D:10     | Entered Level 10 of the Dungeon
  7915 | D:10     | Noticed a gargoyle
  7922 | D:10     | Killed a gargoyle
  7924 | D:10     | Noticed a gargoyle
  7930 | D:10     | Killed a gargoyle
  8036 | D:10     | Found a white marble altar of Elyvilon.
  8036 | D:10     | Noticed a gargoyle
  8049 | D:10     | Killed a gargoyle
  8049 | D:10     | Reached skill level 11 in Invocations
  8084 | D:10     | Noticed a two-headed ogre
  8121 | D:10     | Killed a two-headed ogre
  8121 | D:10     | Reached XP level 11. HP: 73/100 MP: 18/18
  8169 | D:10     | Found a staircase to the Lair.
  8533 | Lair:1   | Entered Level 1 of the Lair of Beasts
  8671 | Lair:1   | Noticed a six-headed hydra
  8682 | Lair:1   | Killed a seven-headed hydra
  8682 | Lair:1   | Reached skill level 12 in Invocations
  9014 | Lair:1   | Noticed a four-headed hydra
  9023 | Lair:1   | Killed a ten-headed hydra
  9280 | Lair:2   | Noticed an oklob plant
  9286 | Lair:2   | Noticed Turgon's ghost (novice GnMo)
  9310 | Lair:2   | Reached skill level 13 in Invocations
  9330 | Lair:2   | Killed Turgon's ghost
  9330 | Lair:2   | Reached XP level 12. HP: 38/110 MP: 20/20
  9417 | Lair:2   | Found a hole to the Spider Nest.
  9861 | Lair:3   | Noticed a seven-headed hydra
  9862 | Lair:3   | Noticed a five-headed hydra
  9871 | Lair:3   | Killed a nine-headed hydra
  9871 | Lair:3   | Reached skill level 10 in Armour
  9875 | Lair:3   | Killed a nine-headed hydra
 10160 | Lair:3   | Reached skill level 14 in Invocations
 10329 | Lair:3   | Found a labyrinth entrance.
 10336 | Lair:3   | Noticed Sonja
 10338 | Lab      | Entered a labyrinth
 12666 | Lab      | Noticed a minotaur
 12670 | Lab      | Killed a minotaur
 12670 | Lab      | Reached skill level 10 in Dodging
 12671 | Lab      | Identified Gagheif's Reference Book on Gliding Curses
 12673 | Lab      | Got an uncursed ichor-stained long sword {elec}
 12675 | Lab      | Identified the +3 long sword of Uskayaw's Hatred {elec, Dex+2} (You found it in a labyrinth)
 12692 | Lair:3   | Cast into level 1 of the Abyss (Sonja)
 12692 | Abyss:1  | Found a corrupted altar of Lugonu.
 12768 | Abyss:1  | Reached skill level 10 in Axes
 12794 | Abyss:1  | HP: 4/112 [raiju (2)]
 12794 | Abyss:1  | Slain by a raiju

Skill      XL: |  1  2  3  4  5  6  7  8  9 10 11 12 |
---------------+-------------------------------------+-----
Fighting       | 3 4 5 6 7 8 |  8.6
Axes           | 3 4 5 6 8 9 10 | 10.0
Armour         | 4 5 6 7 8 9 10 | 10.3
Dodging        | 1 2 4 5 7 8 9 10 | 10.0
Invocations    | 3 6 9 11 13 14 | 14.3
Shields        | |  3.9

Action                   |  1- 3 |  4- 6 |  7- 9 | 10-12 || total
-------------------------+-------+-------+-------+-------++-------
Melee: War axe           |   139 |   202 |     6 |       ||   347
       Hand axe          |       |       |   499 |   188 ||   687
       Battleaxe         |       |       |       |   350 ||   350
Invok: Minor Destruction |       |       |     1 |     1 ||     2
       Major Destruction |       |       |       |     6 ||     6
       Greater Servant o |       |       |       |     2 ||     2
 Abil: Heal Wounds       |       |     3 |     4 |    23 ||    30
  Use: Scroll            |       |     9 |     5 |     6 ||    20
       Potion            |       |       |     4 |     2 ||     6
 Stab: Distracted        |       |       |       |     1 ||     1
  Eat: Chunk             |     2 |     6 |    12 |    13 ||    33
       Ration            |       |       |       |     3 ||     3
Armor: Scale mail        |    31 |       |       |       ||    31
       Chain mail        |    83 |   116 |   194 |   432 ||   825
Dodge: Dodged            |    63 |    54 |   178 |   566 ||   861
Block: Shield            |   136 |    95 |   216 |   108 ||   555
